 Dungeon Crawl Stone Soup version 0.26-a0-665-gefeb406119 (webtiles) character file.

Game seed: 7278123837467584727

3050 Ijustatesigmund the Covert (level 9, 0/42 HPs)
             Began as a Spriggan Wanderer on Oct 14, 2020.
             Was a Believer of Dithmenos.
             Killed by the air
             ... invoked by Gastronok
              (33 damage)
             ... on level 9 of the Dungeon.
             The game lasted 00:13:10 (8481 turns).

Ijustatesigmund the Covert (Spriggan Wanderer)      Turns: 8481, Time: 00:13:11

Health: 0/42       AC:  6    Str:  8    XL:     9   Next: 57%
Magic:  13/13      EV: 25    Int: 17    God:    Dithmenos [**....]
Gold:   393        SH:  0    Dex: 21    Spells: 8/8 levels left

rFire    . . .     SeeInvis +   p - +10 trident of Compulsion {flame, Int+2}
rCold    . . .     Faith    .   (shield currently unavailable)
rNeg     . . .     Spirit   .   e - +2 robe {MR+}
rPois    .         Reflect  .   (helmet restricted)
rElec    .         Harm     .   r - +1 cloak
rCorr    .         Rampage  .   (gloves unavailable)
MR       ++...                  (boots unavailable)
Stlth    ++++++....             (no amulet)
HPRegen  0.14/turn              (no ring)
MPRegen  0.13/turn              (no ring)

@: mighty, hasted and slowed, wreathed by umbra, very quick
A: very small, unfitting armour, hooves 1, see invisible, agile 1, speed 3,
frail 1, strong 1
a: Shadow Step, Renounce Religion


You were on level 9 of the Dungeon.
You worshipped Dithmenos.
Dithmenos was pleased with you.
You visited 2 branches of the dungeon, and saw 10 of its levels.

You collected 505 gold pieces.
You spent 112 gold pieces at shops.

Inventory:

Hand Weapons
 a - a +3 dagger
 c - a +1 vampiric dagger
 p - the +10 trident of Compulsion (weapon) {flame, Int+2}
   (You found it on level 4 of the Dungeon)

   It has been specially enchanted to burn those struck by it, causing extra
   injury to most foes and up to half again as much damage against particularly
   susceptible opponents.
   It affects your intelligence (+2).
Armour
 e - a +2 robe of magic resistance (worn)
 l - a +0 buckler
 r - a +1 cloak (worn)
Jewellery
 t - a cursed ring of teleportation {unknown}
 x - an uncursed amulet of reflection {unknown}
Wands
 w - a wand of acid (6)
 B - a wand of paralysis (7)
 C - a wand of flame (16)
Scrolls
 i - 4 scrolls of teleportation
 n - 2 scrolls of enchant weapon
 q - 4 scrolls of identify
 v - 2 scrolls of amnesia
 y - a scroll of fog
 z - 2 scrolls of blinking
 A - a scroll of magic mapping
Potions
 b - 3 potions of haste
 d - 6 potions of curing
 f - 3 potions of heal wounds
 g - a potion of brilliance
 h - 2 potions of lignification
 j - a potion of flight
 k - a potion of invisibility
 m - 2 potions of stabbing
 o - 3 potions of magic
 s - a potion of ambrosia


   Skills:
 - Level 5.4 Fighting
 - Level 7.2 Short Blades
   Level 1.5(1.8) Axes
 - Level 1.0(1.3) Polearms
 - Level 2.0 Throwing
 + Level 8.2 Dodging
 - Level 10.4 Stealth
 + Level 4.4 Invocations


You had 8 spell levels left.
You didn't know any spells.
Your spell library contained the following spells:

 Spells                   Type           Power        Failure   Level
 Freeze                   Ice            #...         24%         1
 Frozen Ramparts          Ice            #.....       56%         3
 Ozocubu's Armour         Ice            #.......     56%         3
 Hailstorm                Conj/Ice       #.......     93%         4
 Summon Ice Beast         Ice/Summ       #.......     93%         4


Dungeon Overview and Level Annotations

Branches:
Dungeon (9/15)             Temple (1/1) D:5
   Lair: D:8-11         Orc: D:9-12

Altars:
Ashenzari
Cheibriados
Dithmenos
Elyvilon
Fedhas
Gozag
Hepliaklqana
Kikubaaqudgha
Makhleb
Nemelex Xobeh
Okawaru
Qazlal
Ru
Sif Muna
Trog
Uskayaw
Vehumet
Wu Jian
Xom
Yredelemnul
Zin
The Shining One

Shops:
D:5 !   D:8 :=}

Annotations:
D:9 Gastronok


Innate Abilities, Weirdness & Mutations

You are very small and have problems with some larger weapons.
You are too small for most types of armour.
You have supernaturally acute eyesight. (SInv)
You cover ground extremely quickly.
You have large cloven feet.
You are agile. (Dex +2)
You are frail. (-10% HP)
Your muscles are strong. (Str +2)


Message History

You feel much better.
You feel very mighty all of a sudden. Gastronok bites you!!
Ouch! That really hurt!
* * * LOW HITPOINT WARNING * * *
You feel much better.
You puncture Gastronok! You burn Gastronok.
Gastronok is moderately wounded.
Gastronok completely misses you.
You completely miss Gastronok.
Gastronok is moderately wounded.
Gastronok misses you.
You impale Gastronok!! You burn Gastronok!
Gastronok is heavily wounded.
You puncture Gastronok! You burn Gastronok! You kick Gastronok!
Gastronok is severely wounded.
Gastronok waves his eye-stalks in wide circles.
The air twists around and strikes you!!
Ouch! That really hurt!
You die...

.......#..........##..........#..
.......#.......#..##..........#..
.......#..##......##..#.......#..
.......#..........##..........#..
.##....+.........................
.##....###......#################
..#......#......#......#........#
..'......#......#w.....#........#
..#......#......@......#...<....#
..#......#..<..)#......#........#
#####'####......#####+#####'#####
................. .............
....#........###. ...##........
....#........ . ............
....#........ .. .......##...
............. .............
############# #############


You could see Gastronok.

Vanquished Creatures
  Pikel (D:7)
  Joseph (D:9)
  3 wraiths (D:9)
  Menkaure (D:7)
  2 orc warriors (D:7)
  A black bear (D:6)
  2 ogres
  A phantom (D:4)
  A centaur (D:6)
  2 lemures (D:7)
  3 bullfrogs
  4 scorpions
  2 bullfrog zombies (D:7)
  3 jellies
  3 hounds
  3 orc priests
  2 worker ants
  2 orc wizards
  An iguana (D:4)
  5 adders
  A howler monkey skeleton (D:7)
  A shadow imp (D:5)
  3 white imps
  An ufetubus (D:8)
  4 oozes
  An adder skeleton (D:4)
  An adder zombie (D:6)
  A worm (D:3)
  4 dart slugs (D:1)
  3 leopard geckos
  30 orcs
  8 giant cockroaches
  5 goblins
  3 hobgoblins
  12 jackals
  A quokka (D:7)
  A ball python (D:1)
  2 bats (D:3)
  2 frilled lizards
  4 kobolds
  A leopard gecko zombie (D:7)
  A quokka zombie (D:7)
  4 rats
137 creatures vanquished.

Vanquished Creatures (others)
  9 plants (D:6)
9 creatures vanquished.

Grand Total: 146 creatures vanquished

Notes
Turn   | Place    | Note
-------+----------+-------------------------------------------
     0 | D:1      | Ijustatesigmund the Spriggan Wanderer began the quest for
                  | the Orb.
     0 | D:1      | Ijustatesigmund set off with the following items: a +2
                  | dagger, a potion of haste, a +0 mace, a potion of curing, a
                  | +0 robe
     0 | D:1      | Reached XP level 1. HP: 9/9 MP: 2/2
   133 | D:1      | Reached skill level 2 in Stealth
   186 | D:1      | Reached skill level 1 in Short Blades
   186 | D:1      | Reached XP level 2. HP: 9/14 MP: 3/3
   974 | D:1      | Reached skill level 1 in Fighting
  1174 | D:1      | Reached skill level 3 in Stealth
  1174 | D:1      | Reached XP level 3. HP: 14/18 MP: 4/4
  2596 | D:3      | Reached XP level 4. HP: 18/22 MP: 5/5
  3041 | D:3      | Noticed an ogre
  3048 | D:3      | Killed an ogre
  3048 | D:3      | Reached skill level 4 in Stealth
  3048 | D:3      | Reached XP level 5. HP: 26/26 MP: 6/6
  3224 | D:3      | Found a radiant altar of Vehumet.
  3262 | D:3      | You fall into a shaft and drop 2 floors!
  3262 | D:5      | Entered Level 5 of the Dungeon
  3281 | D:4      | Reached skill level 5 in Stealth
  3426 | D:3      | Found a blossoming altar of Fedhas.
  3849 | D:4      | Got a slimy trident
  3855 | D:4      | Identified the +10 trident of Compulsion {flame, Int+2}
                  | (You found it on level 4 of the Dungeon)
  3953 | D:4      | Noticed a phantom
  3968 | D:4      | Killed a phantom
  3968 | D:4      | Reached XP level 6. HP: 21/32 MP: 7/7
  4153 | D:4      | Found a white marble altar of Elyvilon.
  4243 | D:5      | Found Kefrat's Distillery.
  4251 | D:5      | Bought a potion of mutation for 112 gold pieces
  4251 | D:5      | Gained mutation: Your muscles are strong. (Str +2) [potion
                  | of mutation]
  4251 | D:5      | Gained mutation: You are frail. (-10% HP) [potion of
                  | mutation]
  4251 | D:5      | Gained mutation: You have large cloven feet. [potion of
                  | mutation]
  4251 | D:5      | Gained mutation: You are agile. (Dex +2) [potion of
                  | mutation]
  4293 | D:5      | Found a stormy altar of Qazlal.
  4324 | D:5      | Reached skill level 6 in Stealth
  4363 | D:5      | Found a burning altar of Makhleb.
  4806 | D:5      | Found a staircase to the Ecumenical Temple.
  4893 | Temple   | Entered the Ecumenical Temple
  5063 | Temple   | Became a worshipper of Dithmenos the Shadowed
  5143 | D:6      | Found a hazy altar of Hepliaklqana.
  5207 | D:6      | Reached XP level 7. HP: 32/32 MP: 8/8
  5327 | D:6      | Reached skill level 7 in Stealth
  5569 | D:6      | Reached skill level 5 in Short Blades
  5941 | D:6      | Reached skill level 8 in Stealth
  6209 | D:7      | Reached * piety under Dithmenos
  6379 | D:7      | Noticed Pikel
  6399 | D:7      | Killed Pikel
  6399 | D:7      | Reached skill level 9 in Stealth
  6399 | D:7      | Reached XP level 8. HP: 16/37 MP: 9/9
  6584 | D:7      | Reached skill level 5 in Fighting
  6794 | D:7      | Reached skill level 10 in Stealth
  6931 | D:7      | Noticed Menkaure
  6935 | D:7      | Killed Menkaure
  7245 | D:8      | Reached XP level 9. HP: 42/42 MP: 10/10
  7286 | D:8      | Reached skill level 5 in Dodging
  7353 | D:8      | Found Sagule Xoavu's Jewellery Boutique.
  7372 | D:8      | Found Qiehilu's Gadget Shop.
  7495 | D:8      | Reached skill level 1 in Invocations
  7637 | D:8      | Found Sohoasun's Book Shop.
  7999 | D:9      | Found the +5 scythe "Finisher" {speed, eviscerate}
  8089 | D:9      | Noticed Joseph
  8105 | D:9      | Killed Joseph
  8240 | D:9      | Reached ** piety under Dithmenos
  8469 | D:9      | Noticed Gastronok
  8481 | D:9      | Killed from afar by Gastronok

Illustrated notes

Levels and vault maps discovered:
D:1:      giann_horns, layout_basic, hangedman_decor_slide_cut
D:2:      layout_loops_ring
D:3:      layout_basic, fedhas_altar_2, vehumet_crystals
D:4:      layout_rooms, kennysheep_mini
D:5:      layout_loops_cross, lemuel_doored_altar, lemuel_round_altar,
          minmay_temple_entry_poolview, serial_shops, nicolae_shop_trees,
          dk_noncrumbling_3
D:6:      black_bear_nest_2, layout_basic, nicolae_overflow_crystal_walls,
          serial_bayou_crossing
D:7:      layout_basic, uniq_menkaure, uniq_pikel
D:8:      layout_loops_cross, serial_shops, shop, shop, nicolae_shop_crystal
D:9:      layout_stronghold, st_stairs_8, minmay_guarded_unrand_finisher,
          uniq_gastronok, uniq_joseph
Temple:   eino_temple_scatter_basement

Skill      XL: |  1  2  3  4  5  6  7  8  9 |
---------------+----------------------------+-----
Stealth        | 2 3 4 5 6 9 10 | 10.4
Short Blades   | 1 2 3 4 6 7 |  7.2
Fighting       | 1 2 3 4 5 |  5.4
Dodging        | 8 |  8.2
Invocations    | 4 |  4.4
Axes           | |  1.5
Polearms       | |  1.0
Throwing       | |  2.0

Action                   |  1- 3 |  4- 6 |  7- 9 || total
-------------------------+-------+-------+-------++-------
Melee: Dagger            |   156 |    68 |       ||   224
       Trident           |       |    48 |   155 ||   203
       Kick              |       |     4 |    30 ||    34
  Use: Scroll            |     7 |     7 |     7 ||    21
       Potion            |       |     1 |     5 ||     6
 Stab: Sleeping          |     6 |    17 |    19 ||    42
       Distracted        |       |     1 |     1 ||     2
Armor: Robe              |     8 |     3 |     7 ||    18
Dodge: Dodged            |   111 |    65 |   111 ||   287

Table legend: (Time is in decaauts)
 A = Elapsed time spent in this place.
 B = Non-inter-level travel time spent in this place.
 C = Inter-level travel time spent in this place.
 D = Time resting spent in this place.
 E = Time spent auto-exploring this place.
 F = Levels seen in this place.
 G = Mean time per level.
                   A        B        C        D        E       F      G
               +--------+--------+--------+--------+--------+-----+--------+
         Total |   6332 |   6126 |    206 |   1083 |   4116 |  10 |  633.2 |
       Dungeon |   6218 |   6039 |    179 |   1083 |   4029 |   9 |  690.9 |
        Temple |    114 |     88 |     26 |      0 |     87 |   1 |  114.0 |
               +--------+--------+--------+--------+--------+-----+--------+

Top non-repeatable levels by time:
     D:3: 1218 daAuts
     D:1: 1206 daAuts
     D:6: 764 daAuts
     D:7: 692 daAuts
     D:9: 512 daAuts
     D:8: 505 daAuts
     D:5: 486 daAuts
     D:2: 431 daAuts
     D:4: 400 daAuts
  Temple: 114 daAuts
